General information
			
			
        
        - name: BNet
 
        - type: Ladder team game (AT/RT)
 
        - host: Battle.net
 
        - saver: Gobiner
 
        
map: BloodstoneMesa 
        - players: 6
 
        - length: 52:11
 
        - speed: Fast
 - version: 1.22 W3XP
 - replay type:  Public
 
» download(308 KB)
Players
        team 1 (winner) 
              
              
Blahsmack (
yellow | 51 APM | 2649 actions | 52:09)
              
 6 Blademaster 
 2 Wind Walk
 3 Critical Strike
 1 Bladestorm
 
                » actions 
                
                | Basic commands | 45 |  | 
| Build / train | 100 |  | 
| Enter build submenu | 55 |  | 
| Enter hero's abilities submenu | 6 |  | 
| Give item / drop item | 9 |  | 
| Right click | 1678 |  | 
| Select / deselect | 513 |  | 
| Use ability | 243 |  | 
                2649 total
 » units 
                » upgrades
                
                | Ranged Weapons | 3 |  | 
| Spiked Barricades | 3 |  | 
| Liquid Fire | 1 |  | 
| Reinforced Defenses | 1 |  | 
                8 total
 » buildings
                
                | Orc Burrow | 4 |  | 
| Altar of Storms | 1 |  | 
| Voodoo Lounge | 3 |  | 
| War Mill | 1 |  | 
| Watch Tower | 74 |  | 
| Stronghold | 4 |  | 
| Beastiary | 5 |  | 
| Fortress | 4 |  | 
| Great Hall | 1 |  | 
                97 total
 » build order
                00:08 Orc Burrow
00:11 Altar of Storms
00:24 Voodoo Lounge
01:11 War Mill
01:41 Orc Burrow
02:28 Watch Tower
03:19 Watch Tower
03:21 Watch Tower
03:35 Voodoo Lounge
03:57 Watch Tower
04:09 Watch Tower
04:45 Watch Tower
04:46 Watch Tower
04:46 Watch Tower
04:56 Watch Tower
05:07 Watch Tower
05:22 Watch Tower
06:42 Watch Tower
06:46 Watch Tower
07:02 Stronghold
07:03 Stronghold
07:11 Watch Tower
07:17 Watch Tower
08:21 Watch Tower
08:26 Watch Tower
08:31 Watch Tower
08:53 Orc Burrow
08:54 Orc Burrow
09:38 Beastiary
09:41 Beastiary
09:43 Beastiary
09:58 Watch Tower
10:42 Watch Tower
10:43 Watch Tower
11:27 Watch Tower
12:49 Watch Tower
13:01 Fortress
13:01 Fortress
13:01 Fortress
13:33 Watch Tower
13:47 Watch Tower
14:01 Watch Tower
15:00 Watch Tower
15:01 Watch Tower
15:07 Watch Tower
17:13 Watch Tower
17:14 Watch Tower
17:15 Watch Tower
17:57 Watch Tower
20:51 Watch Tower
20:52 Watch Tower
20:53 Watch Tower
20:56 Watch Tower
20:57 Watch Tower
26:11 Stronghold
26:11 Stronghold
28:32 Fortress
36:07 Watch Tower
36:12 Beastiary
36:17 Beastiary
36:23 Watch Tower
36:26 Watch Tower
36:30 Watch Tower
36:33 Watch Tower
36:38 Watch Tower
36:46 Watch Tower
37:07 Voodoo Lounge
37:36 Watch Tower
37:56 Watch Tower
37:57 Watch Tower
37:58 Watch Tower
38:00 Watch Tower
38:01 Watch Tower
44:23 Watch Tower
44:24 Watch Tower
44:25 Watch Tower
44:26 Watch Tower
44:26 Watch Tower
44:27 Watch Tower
44:30 Watch Tower
44:32 Watch Tower
44:33 Watch Tower
44:34 Watch Tower
44:35 Watch Tower
44:36 Watch Tower
44:38 Watch Tower
44:39 Watch Tower
44:40 Watch Tower
44:41 Watch Tower
44:42 Watch Tower
44:47 Watch Tower
47:56 Great Hall
48:01 Watch Tower
48:02 Watch Tower
48:09 Watch Tower
48:10 Watch Tower
48:12 Watch Tower
» items
                
                | Lesser Clarity Potion | 2 |  | 
| Healing Salve | 1 |  | 
| Tiny Great Hall | 3 |  | 
                6 total
  
               
              
              
Gobiner (
blue | 58 APM | 3042 actions | 52:11)
              
 5 Mountain King 
 3 Storm Bolt
 2 Bash
 5 Paladin 
 3 Holy Light
 2 Divine Shield
 
                » actions 
                
                | Assign group hotkey | 20 |  | 
| Basic commands | 55 |  | 
| Build / train | 164 |  | 
| ESC pressed | 3 |  | 
| Enter build submenu | 103 |  | 
| Enter hero's abilities submenu | 10 |  | 
| Give item / drop item | 5 |  | 
| Right click | 1009 |  | 
| Select / deselect | 494 |  | 
| Select group hotkey | 822 |  | 
| Use ability | 357 |  | 
                3042 total
 » units 
                
                | Peasant | 24 |  | 
| Dragonhawk Rider | 12 |  | 
| Sorceress | 1 |  | 
| Priest | 1 |  | 
                38 total
 » upgrades
                
                | Masonry | 3 |  | 
| Lumber Harvesting | 2 |  | 
| Magic Sentry | 1 |  | 
| Sorceress Training | 2 |  | 
| Cloud | 1 |  | 
| Priest Training | 2 |  | 
| Animal War Training | 1 |  | 
| Armor | 3 |  | 
| Backpack | 1 |  | 
| Swords | 2 |  | 
                18 total
 » buildings
                
                | Altar of Kings | 1 |  | 
| Lumber Mill | 1 |  | 
| Farm | 8 |  | 
| Scout Tower | 149 |  | 
| Arcane Tower | 5 |  | 
| Guard Tower | 69 |  | 
| Keep | 1 |  | 
| Town Hall | 2 |  | 
| Arcane Vault | 3 |  | 
| Castle | 1 |  | 
| Arcane Sanctum | 1 |  | 
| Gryphon Aviary | 1 |  | 
| Blacksmith | 1 |  | 
| Barracks | 1 |  | 
                244 total
 » build order
                00:07 Altar of Kings
00:11 Lumber Mill
00:16 Farm
00:46 Farm
01:31 Scout Tower
01:54 Scout Tower
01:58 Arcane Tower
02:24 Scout Tower
02:27 Guard Tower
02:31 Scout Tower
03:20 Guard Tower
03:21 Scout Tower
03:23 Arcane Tower
03:25 Scout Tower
03:48 Guard Tower
03:49 Scout Tower
03:55 Guard Tower
03:56 Scout Tower
03:57 Scout Tower
03:57 Scout Tower
03:58 Scout Tower
04:00 Scout Tower
04:01 Scout Tower
04:02 Scout Tower
04:18 Guard Tower
04:19 Scout Tower
04:28 Guard Tower
04:48 Guard Tower
05:01 Guard Tower
05:02 Scout Tower
05:03 Scout Tower
05:06 Keep
05:53 Guard Tower
05:55 Scout Tower
06:05 Guard Tower
06:07 Scout Tower
06:10 Scout Tower
06:22 Town Hall
06:28 Guard Tower
06:29 Scout Tower
07:09 Guard Tower
07:11 Scout Tower
07:12 Scout Tower
07:25 Guard Tower
07:29 Guard Tower
07:29 Guard Tower
07:30 Guard Tower
07:30 Guard Tower
08:11 Scout Tower
08:11 Scout Tower
08:13 Guard Tower
08:14 Scout Tower
08:15 Scout Tower
09:13 Guard Tower
09:38 Scout Tower
09:39 Scout Tower
10:01 Arcane Vault
10:48 Guard Tower
11:09 Guard Tower
12:27 Castle
12:31 Arcane Sanctum
12:34 Gryphon Aviary
13:28 Scout Tower
13:29 Scout Tower
13:29 Scout Tower
13:30 Scout Tower
14:44 Farm
14:44 Farm
14:45 Farm
15:15 Guard Tower
15:16 Scout Tower
15:17 Scout Tower
16:02 Guard Tower
16:03 Scout Tower
16:32 Guard Tower
16:34 Scout Tower
16:37 Scout Tower
16:37 Scout Tower
16:39 Scout Tower
16:40 Scout Tower
16:40 Scout Tower
16:41 Scout Tower
16:46 Scout Tower
16:46 Scout Tower
16:49 Scout Tower
16:50 Scout Tower
16:51 Scout Tower
16:52 Scout Tower
17:31 Blacksmith
17:32 Barracks
17:42 Guard Tower
18:21 Guard Tower
18:23 Guard Tower
19:50 Guard Tower
20:39 Arcane Vault
23:10 Guard Tower
23:30 Guard Tower
27:17 Farm
27:17 Farm
27:17 Farm
29:35 Scout Tower
29:36 Scout Tower
29:37 Scout Tower
29:38 Scout Tower
29:42 Scout Tower
29:45 Scout Tower
29:46 Scout Tower
30:57 Guard Tower
30:58 Scout Tower
31:01 Scout Tower
31:05 Scout Tower
31:08 Scout Tower
31:19 Guard Tower
31:23 Scout Tower
31:29 Guard Tower
31:32 Scout Tower
31:34 Guard Tower
31:35 Guard Tower
31:39 Scout Tower
31:44 Scout Tower
31:50 Scout Tower
32:00 Guard Tower
32:02 Guard Tower
32:04 Scout Tower
32:05 Scout Tower
32:07 Guard Tower
32:10 Scout Tower
32:13 Guard Tower
32:21 Guard Tower
32:23 Scout Tower
32:29 Town Hall
32:35 Guard Tower
32:39 Scout Tower
32:40 Scout Tower
32:40 Scout Tower
32:41 Scout Tower
32:42 Scout Tower
32:43 Scout Tower
32:45 Guard Tower
32:49 Scout Tower
32:49 Scout Tower
32:50 Scout Tower
32:51 Scout Tower
32:51 Scout Tower
32:52 Scout Tower
32:55 Guard Tower
33:27 Guard Tower
33:36 Guard Tower
33:38 Guard Tower
34:35 Guard Tower
34:44 Scout Tower
34:45 Scout Tower
34:46 Scout Tower
34:48 Scout Tower
34:48 Scout Tower
34:49 Scout Tower
35:54 Guard Tower
36:19 Guard Tower
36:44 Arcane Vault
40:57 Scout Tower
40:58 Scout Tower
40:59 Scout Tower
41:00 Scout Tower
41:01 Scout Tower
41:05 Scout Tower
41:07 Scout Tower
41:08 Scout Tower
41:09 Scout Tower
41:09 Scout Tower
41:10 Scout Tower
41:11 Scout Tower
42:22 Guard Tower
42:42 Guard Tower
42:43 Guard Tower
42:50 Scout Tower
42:53 Scout Tower
42:54 Scout Tower
42:55 Scout Tower
42:58 Scout Tower
43:01 Scout Tower
43:06 Scout Tower
43:07 Scout Tower
43:10 Scout Tower
43:11 Scout Tower
43:12 Scout Tower
43:12 Scout Tower
43:13 Scout Tower
43:14 Scout Tower
43:19 Guard Tower
43:22 Scout Tower
43:23 Guard Tower
44:04 Guard Tower
44:06 Scout Tower
44:10 Guard Tower
44:31 Guard Tower
44:34 Guard Tower
44:38 Scout Tower
44:41 Guard Tower
44:59 Scout Tower
45:00 Scout Tower
45:01 Scout Tower
45:03 Scout Tower
45:04 Scout Tower
45:04 Scout Tower
46:43 Guard Tower
46:48 Scout Tower
46:48 Scout Tower
46:57 Scout Tower
46:59 Scout Tower
47:01 Guard Tower
47:02 Scout Tower
47:17 Guard Tower
47:19 Scout Tower
47:29 Scout Tower
47:30 Scout Tower
47:31 Scout Tower
47:33 Scout Tower
47:34 Scout Tower
47:34 Scout Tower
47:38 Guard Tower
47:40 Guard Tower
47:43 Scout Tower
48:10 Guard Tower
48:16 Guard Tower
48:20 Guard Tower
48:21 Scout Tower
48:46 Guard Tower
48:47 Scout Tower
48:49 Scout Tower
48:51 Scout Tower
48:54 Scout Tower
49:09 Scout Tower
49:11 Scout Tower
49:36 Guard Tower
49:39 Scout Tower
49:40 Scout Tower
49:41 Scout Tower
49:52 Scout Tower
49:53 Scout Tower
50:07 Scout Tower
50:07 Scout Tower
50:36 Arcane Tower
50:40 Arcane Tower
50:45 Arcane Tower
» items
                
                | Lesser Clarity Potion | 9 |  | 
| Healing Salve | 5 |  | 
| Orb of Lightning | 2 |  | 
| Staff of Sanctuary | 2 |  | 
| Scroll of Town Portal | 1 |  | 
                19 total
  
               
              
              
westonb (
teal | 44 APM | 2303 actions | 52:09)
              
 6 Archmage 
 3 Blizzard
 2 Brilliance Aura
 1 Mass Teleport
 2 Blood Mage 
 1 Flame Strike
 1 Banish
 
                » actions 
                
                | Assign group hotkey | 6 |  | 
| Basic commands | 46 |  | 
| Build / train | 118 |  | 
| ESC pressed | 26 |  | 
| Enter build submenu | 94 |  | 
| Enter hero's abilities submenu | 9 |  | 
| Right click | 1302 |  | 
| Select / deselect | 475 |  | 
| Select group hotkey | 53 |  | 
| Use ability | 174 |  | 
                2303 total
 » units 
                » upgrades
                
                | Masonry | 2 |  | 
| Lumber Harvesting | 2 |  | 
| Storm Hammers | 1 |  | 
| Armor | 1 |  | 
| Swords | 1 |  | 
| Plating | 1 |  | 
                8 total
 » buildings
                
                | Altar of Kings | 2 |  | 
| Farm | 10 |  | 
| Lumber Mill | 3 |  | 
| Scout Tower | 57 |  | 
| Guard Tower | 46 |  | 
| Arcane Tower | 1 |  | 
| Arcane Vault | 2 |  | 
| Town Hall | 3 |  | 
| Keep | 1 |  | 
| Castle | 1 |  | 
| Blacksmith | 3 |  | 
| Gryphon Aviary | 2 |  | 
                131 total
 » build order
                00:06 Altar of Kings
00:07 Farm
00:33 Lumber Mill
01:01 Scout Tower
01:25 Scout Tower
01:37 Scout Tower
01:50 Farm
01:59 Scout Tower
02:12 Scout Tower
02:40 Scout Tower
03:03 Scout Tower
03:16 Scout Tower
03:18 Guard Tower
03:21 Guard Tower
03:38 Guard Tower
03:41 Scout Tower
03:49 Scout Tower
04:03 Guard Tower
04:39 Arcane Tower
04:43 Guard Tower
04:44 Scout Tower
04:48 Guard Tower
04:49 Guard Tower
04:54 Arcane Vault
05:06 Guard Tower
05:09 Scout Tower
05:15 Scout Tower
07:19 Altar of Kings
07:25 Guard Tower
07:30 Scout Tower
07:54 Guard Tower
08:28 Lumber Mill
08:36 Guard Tower
08:38 Scout Tower
08:47 Scout Tower
09:06 Guard Tower
09:09 Scout Tower
09:34 Scout Tower
09:37 Guard Tower
09:58 Town Hall
10:03 Guard Tower
10:08 Scout Tower
10:23 Farm
10:41 Guard Tower
10:46 Scout Tower
11:24 Farm
11:28 Guard Tower
11:36 Farm
12:06 Scout Tower
12:22 Scout Tower
12:53 Scout Tower
12:56 Guard Tower
13:01 Scout Tower
13:42 Guard Tower
13:44 Scout Tower
14:23 Guard Tower
14:26 Guard Tower
17:10 Scout Tower
17:16 Guard Tower
17:22 Scout Tower
17:47 Guard Tower
17:53 Scout Tower
18:09 Guard Tower
18:11 Scout Tower
19:36 Town Hall
20:05 Lumber Mill
21:54 Scout Tower
22:04 Scout Tower
22:57 Guard Tower
22:59 Scout Tower
23:04 Guard Tower
23:11 Guard Tower
23:27 Guard Tower
23:29 Scout Tower
23:33 Guard Tower
23:35 Scout Tower
24:00 Guard Tower
24:02 Scout Tower
25:59 Guard Tower
26:01 Scout Tower
26:16 Scout Tower
26:33 Guard Tower
26:35 Scout Tower
27:04 Guard Tower
27:05 Scout Tower
27:45 Guard Tower
27:46 Scout Tower
27:50 Scout Tower
27:50 Guard Tower
28:36 Guard Tower
28:37 Keep
28:40 Scout Tower
28:46 Scout Tower
29:08 Guard Tower
29:23 Scout Tower
29:26 Guard Tower
30:13 Guard Tower
30:18 Scout Tower
31:19 Guard Tower
31:22 Town Hall
31:55 Castle
32:25 Arcane Vault
32:35 Farm
32:41 Blacksmith
32:52 Blacksmith
32:56 Guard Tower
33:00 Guard Tower
33:46 Blacksmith
34:30 Farm
34:30 Farm
34:36 Farm
34:37 Farm
35:57 Gryphon Aviary
36:03 Gryphon Aviary
36:43 Scout Tower
36:45 Scout Tower
38:00 Guard Tower
38:12 Scout Tower
38:24 Scout Tower
40:13 Guard Tower
40:16 Scout Tower
42:13 Scout Tower
42:46 Guard Tower
44:59 Scout Tower
45:21 Scout Tower
47:08 Guard Tower
47:09 Scout Tower
47:20 Scout Tower
49:55 Scout Tower
51:45 Guard Tower
51:50 Scout Tower
» items
                
                | Healing Salve | 1 |  | 
| Scroll of Town Portal | 6 |  | 
| Potion of Healing | 4 |  | 
| Staff of Sanctuary | 2 |  | 
                13 total
  
               team 2 (loser) 
              
              
Brando_n (
red | 66 APM | 3441 actions | 52:08)
              
 7 Warden 
 3 Shadow Strike
 3 Blink
 1 Spirit of Vengeance
 
                » actions 
                
                | Assign group hotkey | 1 |  | 
| Basic commands | 326 |  | 
| Build / train | 97 |  | 
| Enter build submenu | 24 |  | 
| Enter hero's abilities submenu | 7 |  | 
| Remove unit from queue | 1 |  | 
| Right click | 1767 |  | 
| Select / deselect | 1105 |  | 
| Select group hotkey | 3 |  | 
| Use ability | 110 |  | 
                3441 total
 » units 
                
                | Wisp | 27 |  | 
| Huntress | 7 |  | 
| Glaive Thrower | 3 |  | 
| Druid of the Talon | 3 |  | 
| Chimaera | 27 |  | 
| Hippogryph | 7 |  | 
                74 total
 » upgrades
                
                | Druid of the Talon Training | 2 |  | 
| Corrosive Breath | 1 |  | 
| Strength of the Wild | 2 |  | 
                5 total
 » buildings
                
                | Altar of Elders | 1 |  | 
| Moon Well | 9 |  | 
| Hunter's Hall | 1 |  | 
| Ancient of War | 1 |  | 
| Ancient of Wonders | 1 |  | 
| Tree of Ages | 1 |  | 
| Tree of Eternity | 1 |  | 
| Ancient of Wind | 2 |  | 
| Chimaera Roost | 3 |  | 
| Tree of Life | 3 |  | 
                23 total
 » build order
                00:07 Altar of Elders
00:12 Moon Well
01:29 Hunter's Hall
01:46 Ancient of War
02:00 Moon Well
02:19 Moon Well
03:52 Ancient of Wonders
04:41 Tree of Ages
07:04 Tree of Eternity
07:09 Ancient of Wind
09:35 Chimaera Roost
09:38 Chimaera Roost
10:48 Moon Well
10:51 Moon Well
11:17 Chimaera Roost
11:20 Moon Well
13:06 Tree of Life
20:33 Ancient of Wind
23:16 Tree of Life
30:35 Moon Well
31:08 Moon Well
32:37 Moon Well
48:41 Tree of Life
» items
                
                | Orb of Venom | 1 |  | 
| Moonstone | 1 |  | 
| Dust of Appearance | 3 |  | 
| Potion of Healing | 2 |  | 
                7 total
  
               
              
              
nee3k (
pink | 65 APM | 3374 actions | 52:04)
              
 6 Keeper of the Grove 
 3 Entangling Roots
 1 Force of Nature
 1 Thorns Aura
 1 Tranquility
 4 Demon Hunter 
 2 Mana Burn
 1 Evasion
 1 Immolation
 
                » actions 
                
                | Assign group hotkey | 35 |  | 
| Basic commands | 281 |  | 
| Build / train | 140 |  | 
| Enter build submenu | 26 |  | 
| Enter hero's abilities submenu | 10 |  | 
| Give item / drop item | 1 |  | 
| Right click | 1686 |  | 
| Select / deselect | 698 |  | 
| Select group hotkey | 359 |  | 
| Use ability | 138 |  | 
                3374 total
 » units 
                
                | Wisp | 19 |  | 
| Huntress | 4 |  | 
| Glaive Thrower | 10 |  | 
| Mountain Giant | 7 |  | 
| Druid of the Claw | 16 |  | 
| Hippogryph | 7 |  | 
| Archer | 10 |  | 
| Druid of the Talon | 4 |  | 
| Chimaera | 10 |  | 
                87 total
 » upgrades
                
                | Druid of the Claw Training | 2 |  | 
| Strength of the Wild | 3 |  | 
| Mark of the Claw | 1 |  | 
| Hardened Skin | 1 |  | 
| Resistant Skin | 1 |  | 
| Reinforced Hides | 2 |  | 
| Hippogryph Taming | 2 |  | 
| Marksmanship | 1 |  | 
| Druid of the Talon Training | 2 |  | 
| Corrosive Breath | 1 |  | 
| Improved Bows | 1 |  | 
| Strength of the Moon | 2 |  | 
| Mark of the Talon | 1 |  | 
                20 total
 » buildings
                
                | Altar of Elders | 1 |  | 
| Moon Well | 9 |  | 
| Hunter's Hall | 1 |  | 
| Ancient of War | 1 |  | 
| Ancient of Wonders | 1 |  | 
| Tree of Ages | 1 |  | 
| Ancient Protector | 3 |  | 
| Ancient of Lore | 2 |  | 
| Tree of Eternity | 3 |  | 
| Tree of Life | 1 |  | 
| Ancient of Wind | 1 |  | 
| Chimaera Roost | 1 |  | 
                25 total
 » build order
                00:03 Altar of Elders
00:05 Moon Well
01:07 Hunter's Hall
01:36 Ancient of War
02:15 Moon Well
03:44 Ancient of Wonders
03:54 Tree of Ages
04:13 Ancient Protector
04:43 Moon Well
06:02 Moon Well
07:07 Ancient of Lore
07:21 Ancient of Lore
09:59 Tree of Eternity
10:00 Tree of Eternity
10:00 Tree of Eternity
10:56 Moon Well
14:18 Moon Well
14:49 Tree of Life
20:43 Ancient of Wind
23:16 Chimaera Roost
28:00 Moon Well
32:25 Moon Well
33:27 Moon Well
34:29 Ancient Protector
43:26 Ancient Protector
» items
                
                | Dust of Appearance | 1 |  | 
| Moonstone | 1 |  | 
| Staff of Preservation | 4 |  | 
| Orb of Venom | 1 |  | 
                7 total
  
               
              
              
WaYnE. (
green | 46 APM | 2403 actions | 52:08)
              
 7 Priestess of the Moon 
 3 Searing Arrows
 3 Trueshot Aura
 1 Starfall
 
                » actions 
                
                | Basic commands | 171 |  | 
| Build / train | 84 |  | 
| ESC pressed | 1 |  | 
| Enter build submenu | 43 |  | 
| Enter hero's abilities submenu | 7 |  | 
| Remove unit from queue | 3 |  | 
| Right click | 1365 |  | 
| Select / deselect | 650 |  | 
| Use ability | 79 |  | 
                2403 total
 » units 
                
                | Wisp | 30 |  | 
| Archer | 4 |  | 
| Huntress | 16 |  | 
| Dryad | 10 |  | 
| Glaive Thrower | 2 |  | 
                62 total
 » upgrades
                
                | Strength of the Moon | 1 |  | 
| Moon Armor | 1 |  | 
| Abolish Magic | 1 |  | 
| Strength of the Wild | 2 |  | 
| Upgrade Moon Glaive | 1 |  | 
                6 total
 » buildings
                
                | Altar of Elders | 2 |  | 
| Moon Well | 8 |  | 
| Ancient of War | 2 |  | 
| Hunter's Hall | 3 |  | 
| Ancient Protector | 16 |  | 
| Tree of Ages | 1 |  | 
| Ancient of Lore | 3 |  | 
| Tree of Eternity | 1 |  | 
| Tree of Life | 1 |  | 
                37 total
 » build order
                00:05 Altar of Elders
00:09 Moon Well
01:03 Ancient of War
02:00 Moon Well
02:27 Hunter's Hall
03:08 Hunter's Hall
05:16 Ancient of War
07:26 Moon Well
07:59 Moon Well
08:55 Moon Well
09:02 Ancient Protector
09:52 Moon Well
10:35 Tree of Ages
10:51 Ancient Protector
13:02 Ancient of Lore
13:05 Ancient of Lore
14:02 Tree of Eternity
14:26 Ancient of Lore
15:33 Moon Well
16:26 Moon Well
20:09 Ancient Protector
20:24 Tree of Life
24:37 Hunter's Hall
25:48 Ancient Protector
25:51 Ancient Protector
25:53 Ancient Protector
27:09 Ancient Protector
28:37 Ancient Protector
28:40 Ancient Protector
28:51 Ancient Protector
31:29 Ancient Protector
31:43 Ancient Protector
33:58 Ancient Protector
34:39 Ancient Protector
35:45 Altar of Elders
36:01 Ancient Protector
36:50 Ancient Protector
» items
                
                | Scroll of Town Portal | 1 |  | 
| Dust of Appearance | 1 |  | 
                2 total
  
                Chat log
          
(10:18 / Allies) westonb: nvm
(10:33 / Allies) westonb: can i get lum
(11:11 / Allies) westonb: can i get gold
(12:37 / Allies) westonb: lum please
(12:47 / Allies) westonb: lumber please
(12:57 / Allies) westonb: ty
(13:08 / Allies) westonb: ty
(15:14 / Allies) westonb: ty
(16:21 / Allies) westonb: ty
(16:48 / All) WaYnE.: retard?
(19:19 / Allies) westonb: 7 chims
(30:24 / All) WaYnE.: ROFL
(41:53 / Allies) westonb: chims
(51:17 / All) Brando_n: gg
(51:18 / All) Brando_n: rofl
(51:20 / All) WaYnE.: gg.
(51:34 / Allies) Blahsmack: waste all your mone killing mah expo
(51:58 / All) Brando_n: gg guys lol
(52:04 / All) Brando_n: homo ass strat
(52:06 / All) Gobiner: 2ez
(52:08 / All) Blahsmack: noovbs